 Dungeon Crawl Stone Soup version 0.25.0-26-g0c896c7088 (webtiles) character file.

Game seed: 10311082261260416638

81 lepoulpe303 the Sneak (level 4, -1/21 HPs)
             Began as a Spriggan Enchanter on July 3, 2020.
             Slain by Natasha (8 damage)
             ... on level 2 of the Dungeon.
             The game lasted 00:06:08 (2132 turns).

lepoulpe303 the Sneak (Spriggan Enchanter)          Turns: 2132, Time: 00:06:08

Health: -1/21      AC:  3    Str:  4    XL:     4   Next: 19%
Magic:  8/10       EV: 19    Int: 17    God:
Gold:   86         SH:  0    Dex: 16    Spells: 1/10 levels left

rFire    . . .     SeeInvis +   a - +1 dagger
rCold    . . .     Gourm    .   (shield restricted)
rNeg     . . .     Faith    .   b - +1 robe
rPois    .         Spirit   .   (helmet restricted)
rElec    .         Reflect  .   (no cloak)
rCorr    .         Harm     .   (gloves unavailable)
MR       .....                  (boots unavailable)
Stlth    +++.......             (no amulet)
HPRegen  0.07/turn              (no ring)
MPRegen  0.12/turn              (no ring)

@: very quick
A: very small, unfitting armour, see invisible, herbivore, speed 3, slow
metabolism 2
a: no special abilities


You were on level 2 of the Dungeon.
You were not hungry.

You visited 1 branch of the dungeon, and saw 2 of its levels.

You collected 86 gold pieces.

Inventory:

Hand Weapons
 a - a +1 dagger (weapon)
Armour
 b - a +1 robe (worn)
Jewellery
 f - an uncursed amulet of faith {unknown}
Scrolls
 B - 2 scrolls of blinking {!r}
Potions
 c - a potion of degeneration {unknown}
 g - a potion of might {unknown}
 h - a potion of invisibility {unknown}
 i - a potion of resistance {unknown}
 j - a potion of brilliance {unknown}
Comestibles
 e - 6 rations


   Skills:
 + Level 0.6 Fighting
 * Level 2.1 Short Blades
 + Level 3.6 Dodging
 + Level 4.9 Stealth
 * Level 3.5 Spellcasting
 * Level 4.4 Hexes


You had one spell level left.
You knew the following spells:

 Your Spells              Type           Power        Failure   Level  Hunger
a - Ensorcelled Hibernat  Hex/Ice        ##....       10%         2    ##.....
b - Tukima's Dance        Hex            ###.....     9%          3    ###....
c - Confusing Touch       Hex            ###.....     9%          3    ###....
v - Corona                Hex            ###....      2%          1    None

Your spell library contained the following spells:

 Spells                   Type           Power        Failure   Level  Hunger
 Dazzling Flash           Conj/Hex       ##....       21%         3    ###....


Dungeon Overview and Level Annotations

Branches:
Dungeon (2/15)

Altars:

Annotations:
D:2 Natasha


Innate Abilities, Weirdness & Mutations

You are very small and have problems with some larger weapons.
You are too small for most types of armour.
You have supernaturally acute eyesight. (SInv)
You are a herbivore.
You cover ground extremely quickly.
You need to consume almost no food.


Message History

Natasha glows brightly for a moment.
Natasha mumbles some strange words.
You now have 7/10 mp.
You hit Natasha but do no damage. Natasha completely misses you.
You hit Natasha but do no damage. You hit Natasha but do no damage.
Natasha appears confused.
Natasha misses you.
You hit Natasha but do no damage.
The iron imp laughs crazily.
The iron imp barely misses you. Natasha completely misses you.
You barely miss Natasha. Natasha misses you. The iron imp misses you.
You barely miss Natasha. You hit Natasha. Natasha claws you.
The iron imp hits you!
Ouch! That really hurt!
* * * LOW HITPOINT WARNING * * *
You take 14 damage, and have 7/21 hp.
MASSIVE DAMAGE!!
You closely miss Natasha. Natasha claws you!
You die...

# ############# .
#...........### .
#.##..§§§....h# .
##.##..§§.....@#
###......§§§...5.#
.##......§......$#
.##............#.....#
.....####.######.....#
..........# ......#
..#### ..........#
......# ......
...#......# ........
..#### ...#.#....#
####.....


You could see an iron imp (summoned) and Natasha (confused).

Levels and vault maps discovered:
D:1:      onia_arrival_zoo_common, layout_loops_ring, nrook_mini_vaults
D:2:      layout_basic, uniq_natasha, uniq_crazy_yiuf_cottage

Notes
Turn   | Place    | Note
-------+----------+-------------------------------------------
     0 | D:1      | lepoulpe303 the Spriggan Enchanter began the quest for the
                  | Orb.
     0 | D:1      | Reached XP level 1. HP: 9/9 MP: 5/5
     6 | D:1      | Noticed an anaconda
     6 | D:1      | Noticed a polar bear
     7 | D:1      | Noticed a killer bee
     7 | D:1      | Noticed a hog
    61 | D:1      | Identified a +0 club
   132 | D:1      | Reached XP level 2. HP: 13/13 MP: 6/6
   140 | D:1      | Identified a +0 dagger
   272 | D:1      | Learned a level 2 spell: Ensorcelled Hibernation
   332 | D:1      | Reached skill level 3 in Spellcasting
   351 | D:1      | Reached skill level 4 in Hexes
   356 | D:1      | Identified a +0 club
   392 | D:1      | Identified a +0 club
   465 | D:1      | Identified a +0 short sword
   815 | D:1      | Reached XP level 3. HP: 17/17 MP: 8/8
   820 | D:1      | Learned a level 3 spell: Confusing Touch
   842 | D:1      | Identified a +0 club
   887 | D:1      | Identified a cursed +0 club
   888 | D:1      | Identified a +0 club
  1118 | D:2      | Identified a cursed -2 club
  1149 | D:2      | Identified a +0 club
  1235 | D:2      | Identified a +0 club
  1365 | D:2      | Identified 3 scrolls of blinking
  1366 | D:2      | Identified 2 scrolls of random uselessness
  1601 | D:2      | Reached skill level 2 in Short Blades
  1852 | D:2      | Identified a +0 club
  1863 | D:2      | Reached XP level 4. HP: 16/21 MP: 10/10
  1868 | D:2      | Learned a level 3 spell: Tukima's Dance
  2104 | D:2      | Noticed Natasha
  2110 | D:2      | Identified a scroll of fog
  2111 | D:2      | Identified a scroll of enchant armour
  2132 | D:2      | Slain by Natasha

Table legend:
 A = Turns spent in this place as a percentage of turns spent in the entire game.
 B = Non-inter-level travel turns spent in this place as a percentage of non-inter-level travel turns spent in the entire game.
 C = Inter-level travel turns spent in this place as a percentage of turns spent in this place.
 D = Turns resting spent in this place as a percentage of non-inter-level travel turns spent in this place.
 E = Turns spent auto-exploring this place as a percentage of non-inter-level travel turns spent in this place.
 F = Non-inter-level travel turns spent in this place divided by the number of levels of this place that you've seen.
                   A       B       C       D       E      F
               +-------+-------+-------+-------+-------+----------------------
         Total | 100.0 | 100.0 |   1.5 |  23.4 |  49.6 | 1050.0
       Dungeon | 100.0 | 100.0 |   1.5 |  23.4 |  49.6 | 1050.0
               +-------+-------+-------+-------+-------+----------------------

Table legend:
 A = Kills in this place as a percentage of kills in entire the game.
 B = Kills by you in this place as a percentage of kills by you in the entire game.
 C = Kills by friends in this place as a percentage of kills by friends in the entire game.
 D = Other kills in this place as a percentage of other kills in the entire game.
 E = Experience gained in this place as a percentage of experience gained in the entire game.
 F = Experience gained in this place divided by the number of levels of this place that you have seen.
                   A       B       C       D       E      F
               +-------+-------+-------+-------+-------+----------------------
         Total | 100.0 | 100.0 |   N/A |   N/A | 100.0 |  58.0
       Dungeon | 100.0 | 100.0 |   N/A |   N/A | 100.0 |  58.0
               +-------+-------+-------+-------+-------+----------------------

Skill      XL: |  1  2  3 |
---------------+----------+-----
Spellcasting   | 3 |  3.5
Hexes          | 4 |  4.4
Short Blades   | 2 |  2.1
Fighting       | |  0.6
Dodging        | |  3.6
Stealth        | |  4.9

Action                   |  1- 3 |  4- 6 || total
-------------------------+-------+-------++-------
Melee: Dagger            |   163 |    25 ||   188
 Cast: Ensorcelled Hiber |     4 |     5 ||     9
       Corona            |     1 |       ||     1
       Confusing Touch   |       |     1 ||     1
  Use: Scroll            |     3 |     2 ||     5
 Stab: Sleeping          |    14 |     1 ||    15
Armor: Robe              |    13 |     4 ||    17
Dodge: Dodged            |   114 |    28 ||   142

Vanquished Creatures
  3 adders (D:2)
  An ooze (D:2)
  3 leopard geckos (D:1)
  2 giant cockroaches (D:1)
  6 hobgoblins
  4 jackals (D:1)
  7 bats
  A frilled lizard (D:2)
  7 goblins
  4 kobolds
  5 rats
43 creatures vanquished.
